 Dungeon Crawl Stone Soup version 0.31-a0-95-g6fa058ef04 (webtiles) character file.

Game seed: 9139196514732828202

547 Demosthentine the Ducker (level 7, -2/54 HPs)
             Began as a Demonspawn Gladiator on May 26, 2023.
             Slain by a gnoll
             ... wielding a +0 whip
             ... led by a gnoll bouda
              (4 damage)
             ... on level 4 of the Dungeon.
             The game lasted 00:03:52 (3688 turns).

Demosthentine the Ducker (Demonspawn Gladiator)     Turns: 3688, Time: 00:03:53

Health: -2/54      AC:  7    Str: 14    XL:     7   Next: 7%
Magic:  7/7        EV: 13    Int:  9    God:
Gold:   177        SH:  0    Dex: 15    Spells: 6/6 levels left

rFire   . . .        a - +0 trident
rCold   . . .        (no shield)
rNeg    . . .        c - +2 leather armour "Yfoeg" {Will+++ Regen+ Str-2}
rPois   .            (helmet restricted)
rElec   .            n - +0 cloak
rCorr   .            (no gloves)
SInv    .            j - +0 pair of boots
Will    +++..        (no amulet)
Stlth   +            (no ring)
HPRegen 2.09/turn    (no ring)
MPRegen 0.10/turn

%: no passive effects
@: brilliant, invisible
A: antennae 1, powered by death 1, powered by pain 1
a: no special abilities


You were on level 4 of the Dungeon.
You visited 1 branch of the dungeon, and saw 5 of its levels.

You collected 177 gold pieces.

Inventory:

Hand Weapons
 a - a +0 trident (weapon)
Missiles
 d - 3 throwing nets (quivered)
 e - a javelin
 g - 23 poisoned darts
 k - 2 datura-tipped darts
Armour
 c - the +2 leather armour "Yfoeg" (worn) {Will+++ Regen+ Str-2}
   (You found it on level 3 of the Dungeon)

   Str:       It affects your strength (-2).
   Regen:     It increases your rate of health regeneration.
   Will:      It greatly increases your willpower.
 j - a +0 pair of boots (worn)
 n - a +0 cloak (worn)
Scrolls
 f - 5 scrolls of magic mapping
 i - a scroll of fog
Potions
 b - 2 potions of invisibility
 h - a potion of brilliance
 l - 2 potions of attraction
 o - 2 potions of might
 p - 2 potions of resistance


   Skills:
 + Level 4.1 Fighting
 + Level 4.3 Polearms
 - Level 1.7 Throwing
 + Level 3.1 Armour
 + Level 4.3 Dodging


You had 6 spell levels left.
You didn't know any spells.
Your spell library contained the following spells:

 Spells                   Type           Power      Damage    Failure   Level
 Summon Forest            Summ/Tloc      0%         N/A       100%        5
 Eringya's Noxious Bog    Tmut/Pois      0%         N/A       100%        6
 Summon Hydra             Summ           0%         N/A       100%        7


Dungeon Overview and Level Annotations

Branches:
Dungeon (5/15)
 Temple: D:4-7

Altars:
Cheibriados
Kikubaaqudgha
Okawaru
Uskayaw

Annotations:
D:3 1 runed translucent door


Innate Abilities, Weirdness & Mutations

You have a pair of small antennae on your head.
You regenerate a little health from kills.
You sometimes gain a little power by taking damage.


Message History

You feel sick. The gnoll hits you with a +0 club.
* * * LOW HITPOINT WARNING * * *
The gnoll hits you with a +0 whip.
* * * LOW HITPOINT WARNING * * *
The scorpion closely misses you.
Okay, then.
You closely miss the scorpion.
The scorpion is moderately wounded.
You feel sick. The gnoll hits you with a +0 club.
* * * LOW HITPOINT WARNING * * *
The scorpion barely misses you.
You hit the scorpion.
The scorpion is severely wounded.
You feel sick. The scorpion closely misses you. The gnoll closely misses you.
The gnoll misses you.
Unknown command.
Unknown command.
You hit the scorpion but do no damage.
The scorpion is severely wounded.
You feel sick.
You are no longer poisoned.
The scorpion closely misses you. The gnoll hits you with a +0 club.
* * * LOW HITPOINT WARNING * * *
The gnoll hits you but does no damage. The scorpion misses you.
You closely miss the scorpion.
The scorpion is severely wounded.
The gnoll closely misses you. The gnoll misses you.
The scorpion barely misses you.
Unknown command.
You closely miss the scorpion.
The scorpion is severely wounded.
The gnoll hits you but does no damage. The gnoll barely misses you.
The scorpion misses you.
Unknown command.
You puncture the scorpion!
You kill the scorpion!
The gnoll hits you with a +0 club.
* * * LOW HITPOINT WARNING * * *
The gnoll hits you with a +0 whip.
You die...

########........................
##.#..#.###'##############'######
#.....#.............#............
#.....'.............'............
#.....#....>........#............
####'##..##...#############..####
..#..##..####'##....##...##..###.
..'.......#....#†g.......#.....#.
..#.......'....#@........#.....'.
..#.......#....#.g.......#.....#.
..#.......#....#.........#.....#.
..#.......#....#.........#.....#.
..#.......#....#.........#.....#.
..######+##...###...##...##...##.
#####....##...###...##...######..
................'.............#..
................#.............#..


You could see 2 gnolls.

Vanquished Creatures
  An ogre (D:4)
  The ghost of mandoloar the Digger, an amateur GnEE (D:3)
  A bullfrog (D:3)
  A scorpion (D:4)
  A jelly (D:4)
  Crazy Yiuf (D:2)
  An orc priest (D:3)
  Terence (D:3)
  2 iguanas (D:4)
  8 adders
  A worm (D:3)
  3 orcs (D:3)
  10 endoplasms
  3 giant cockroaches
  3 hobgoblins
  9 jackals
  4 quokkas
  6 ball pythons
  5 bats
  2 frilled lizards
  6 goblins
  9 kobolds
  9 rats
88 creatures vanquished.

Notes
Turn   | Place    | Note
-------+----------+-------------------------------------------
     0 | D:1      | Demosthentine the Demonspawn Gladiator began the quest for
                  | the Orb.
     0 | D:1      | Reached XP level 1. HP: 16/16 MP: 1/1
   168 | D:1      | Gained mutation: You sometimes gain a little power by
                  | taking damage. [demonic ancestry]
   168 | D:1      | Reached XP level 2. HP: 18/22 MP: 2/2
   530 | D:1      | Found a faded altar of an unknown god.
   818 | D:1      | Reached skill level 1 in Armour
  1126 | D:2      | Reached XP level 3. HP: 27/28 MP: 3/3
  1127 | D:2      | Found a hide-covered altar of Uskayaw.
  1393 | D:2      | Found a runed translucent door.
  1394 | D:2      | Noticed Crazy Yiuf
  1634 | D:2      | Killed Crazy Yiuf
  1635 | D:2      | Gained mutation: You have a pair of small antennae on your
                  | head. [demonic ancestry]
  1635 | D:2      | Reached XP level 4. HP: 34/34 MP: 4/4
  1679 | D:3      | Identified the +2 leather armour "Yfoeg" {Will+++ Regen+
                  | Str-2}
  1811 | D:3      | Found a runed translucent door.
  1815 | D:3      | Noticed mandoloar's ghost (amateur GnEE)
  1815 | D:3      | Noticed a bullfrog
  1889 | D:3      | Gained mutation: You regenerate a little health from kills.
                  | [demonic ancestry]
  1889 | D:3      | Reached XP level 5. HP: 41/41 MP: 5/5
  2033 | D:3      | Found an ancient bone altar of Kikubaaqudgha.
  2437 | D:3      | Noticed Terence
  2462 | D:3      | Killed Terence
  2531 | D:3      | Found a runed translucent door.
  2624 | D:3      | Found an iron altar of Okawaru.
  2635 | D:3      | Found a snail-covered altar of Cheibriados.
  2868 | D:3      | Reached XP level 6. HP: 47/47 MP: 6/6
  2889 | D:3      | Killed mandoloar's ghost
  3164 | D:4      | Reached XP level 7. HP: 53/54 MP: 7/7
  3645 | D:5      | Entered Level 5 of the Dungeon
  3685 | D:4      | HP: 1/54 [gnoll/+0 club[a gnoll bouda] (3)]
  3688 | D:4      | Slain by a gnoll

Illustrated notes

Levels and vault maps discovered:
D:1:      kennysheep_arrival_forest, layout_basic, shapermc_ecumenical_altar_gd,
          minivault_5, chequers_serial_rivers_room_a
D:2:      layout_rooms, basic_altar, uniq_crazy_yiuf_cottage
D:3:      layout_loops_corners, nicolae_kikubaaqudgha_miasma_corner, minitemple,
          ebering_ghost_sewer_f, minmay_misc_feat_square, uniq_terence
D:4:      layout_gridville
D:5:      layout_cave_pools, mainiacjoe_overflow_swirl, grunt_ministairs_7,
          uniq_grinder

Skill      XL: |  1  2  3  4  5  6 |
---------------+-------------------+-----
Polearms       | 3 4 |  4.3
Armour         | 1 2 3 |  3.1
Dodging        | 3 4 |  4.3
Fighting       | 3 4 |  4.1
Throwing       | |  1.7

Action                     |  1- 3 |  4- 6 |  7- 9 || total
---------------------------+-------+-------+-------++-------
  Melee: Trident           |   116 |   248 |    39 ||   403
         Punch             |       |     2 |       ||     2
  Throw: Throwing net      |     1 |     2 |       ||     3
    Use: Scroll            |     3 |     4 |     1 ||     8
         Potion            |       |     2 |     3 ||     5
   Stab: Sleeping          |     3 |       |       ||     3
         Held in net/web   |     2 |       |       ||     2
 Armour: Leather armour    |    25 |    85 |    11 ||   121
  Dodge: Dodged            |    63 |   193 |    48 ||   304

Table legend: (Time is in decaauts)
 A = Elapsed time spent in this place.
 B = Non-inter-level travel time spent in this place.
 C = Inter-level travel time spent in this place.
 D = Time resting spent in this place.
 E = Time spent auto-exploring this place.
 F = Levels seen in this place.
 G = Mean time per level.
                   A        B        C        D        E       F      G
               +--------+--------+--------+--------+--------+-----+--------+
         Total |   3744 |   3632 |    112 |     11 |   2700 |   5 |  748.8 |
       Dungeon |   3744 |   3632 |    112 |     11 |   2700 |   5 |  748.8 |
               +--------+--------+--------+--------+--------+-----+--------+

Top non-repeatable levels by time:
     D:3: 1315 daAuts
     D:1: 1128 daAuts
     D:4: 737 daAuts
     D:2: 556 daAuts
     D:5: 6 daAuts
